HSSL
INDIANAPOLIS HS RIFLES @ OTSEGO HS BULLDOGS
04/08/2030
 
TOP OF THE 1ST
Indianapolis HS Rifles batting - Pitching for Otsego HS Bulldogs : RHP David Lee
Pitching: RHP David Lee
Batting: RHB Fook Hann 0-0: Single, Error in OF, E9, batter to second base
Batting: RHB Dale Messer 0-0: SINGLE (Line Drive, 6M)
Fook Hann to third
Runner from 3rd tries for Home, SAFE, throw made home
Batting: RHB Jason Tomlin 0-0: Ground out 4-3 (Groundball, 4S)
Dale Messer to second
Batting: RHB Raymond Young 0-0: Ball
1-0: Ball
2-0: Called Strike
2-1: Ball
3-1: Swinging Strike
3-2: Foul Ball, location: 2F
3-2: Foul Ball, location: 2F
3-2: Foul Ball, location: 2F
3-2: Ground out 6-3 (Groundball, 6)
Batting: LHB Henry Fairchild 0-0: Ball
1-0: Called Strike
1-1: Swinging Strike
1-2: Ball
2-2: Foul Ball, location: 2F
2-2: Foul Ball, location: 2F
2-2: Foul Ball, location: 2F
2-2: Foul Ball, location: 2F
2-2: Strikes out swinging
Top of the 1st over - 1 run, 2 hits, 1 error, 1 left on base; Indianapolis HS 1 - Otsego HS 0
BOTTOM OF THE 1ST
Otsego HS Bulldogs batting - Pitching for Indianapolis HS Rifles : RHP Nicholas Richardson
Pitching: RHP Nicholas Richardson
Batting: RHB David Sheehan 0-0: Ball
1-0: Ball
2-0: Foul Ball, location: 2F
2-1: Ball
3-1: Bunted foul
3-2: Ground out 6-3 (Groundball, 6)
Batting: RHB Jack Díaz 0-0: Foul Ball, location: 2F
0-1: Ball
1-1: Ball
2-1: Ball
3-1: SINGLE (Line Drive, 8LS)
Batting: RHB Ray Martin 0-0: Called Strike
0-1: Foul Ball, location: 2F
0-2: Foul Ball, location: 2F
0-2: SINGLE (Flyball, 89M)
Jack Díaz to second
Runner from 2nd tries for 3rd, SAFE, no throw
Batting: SHB Keith Novak 0-0: Ball
1-0: Swinging Strike
1-1: Ball
2-1: Swinging Strike
2-2: Strikes out swinging
Batting: RHB Jesse Wood 0-0: Foul Ball, location: 2F
0-1: Foul Ball, location: 2F
0-2: Strikes out looking
Bottom of the 1st over - 0 runs, 2 hits, 0 errors, 2 left on base; Indianapolis HS 1 - Otsego HS 0
TOP OF THE 2ND
Indianapolis HS Rifles batting - Pitching for Otsego HS Bulldogs : RHP David Lee
Batting: RHB Melvin O'Keefe 0-0: Ground out 5-3 (Groundball, 5)
Batting: RHB Dave Bennett 0-0: Ball
1-0: Called Strike
1-1: Fly out, F7 (Flyball, 7S)
Batting: RHB Gregg King 0-0: Called Strike
0-1: Ball
1-1: Foul Ball, location: 2F
1-2: Foul Ball, location: 2F
1-2: Foul Ball, location: 2F
1-2: Ball
2-2: Ground out 6-3 (Groundball, 6)
Top of the 2nd over - 0 runs, 0 hits, 0 errors, 0 left on base; Indianapolis HS 1 - Otsego HS 0
BOTTOM OF THE 2ND
Otsego HS Bulldogs batting - Pitching for Indianapolis HS Rifles : RHP Nicholas Richardson
Batting: RHB Pedro Estrada 0-0: Ball
1-0: Fly out, F3 (Popup, 3SF)
Batting: RHB Bruce Davis 0-0: Foul Ball, location: 2F
0-1: Ball
1-1: Ball
2-1: Swinging Strike
2-2: Fly out, F7 (Flyball, 7D)
Batting: RHB Curt Pierson 0-0: Ball
1-0: Ball
2-0: Ball
3-0: Base on Balls
Batting: RHB Pancho Herrera 0-0: Called Strike
0-1: Ball
1-1: Called Strike
1-2: Reached on error, E1 (Groundball, 13S)
Curt Pierson to third
Batting: RHB David Sheehan 0-0: Ball
1-0: Ball
2-0: Foul Ball, location: 2F
2-1: Ground out 6-3 (Groundball, 6)
Bottom of the 2nd over - 0 runs, 0 hits, 1 error, 2 left on base; Indianapolis HS 1 - Otsego HS 0
TOP OF THE 3RD
Indianapolis HS Rifles batting - Pitching for Otsego HS Bulldogs : RHP David Lee
Batting: RHB Paul Webster 0-0: Fly out, F9 (Flyball, 9D)
Batting: RHB Fook Hann 0-0: Ball
1-0: Ball
2-0: Foul Ball, location: 2F
2-1: Ball
3-1: Swinging Strike
3-2: Base on Balls
Batting: RHB Dale Messer 0-0: Called Strike
0-1: Called Strike
0-2: Ball
1-2: Strikes out swinging
Batting: RHB Jason Tomlin 0-0: Fielders Choice at 2nd, 6-4 (Groundball, 6)
Top of the 3rd over - 0 runs, 0 hits, 0 errors, 1 left on base; Indianapolis HS 1 - Otsego HS 0
BOTTOM OF THE 3RD
Otsego HS Bulldogs batting - Pitching for Indianapolis HS Rifles : RHP Nicholas Richardson
Batting: RHB Jack Díaz 0-0: Foul Ball, location: 2F
0-1: Foul Ball, location: 2F
0-2: DOUBLE (Line Drive, 7)
Batting: RHB Ray Martin 0-0: Foul Ball, location: 2F
0-1: Ball
1-1: Foul Ball, location: 2F
1-2: Ball
2-2: Ball
3-2: SINGLE (Line Drive, 4MD)
Jack Díaz to third
Batting: SHB Keith Novak 0-0: Ball
1-0: Ball
2-0: Foul Ball, location: 2F
2-1: Swinging Strike
2-2: Foul Ball, location: 2F
2-2: Strikes out swinging
Batting: RHB Jesse Wood 0-0: Grounds into double play, 5-4-3 (Groundball, 56)
Bottom of the 3rd over - 0 runs, 2 hits, 0 errors, 1 left on base; Indianapolis HS 1 - Otsego HS 0
TOP OF THE 4TH
Indianapolis HS Rifles batting - Pitching for Otsego HS Bulldogs : RHP David Lee
Batting: RHB Raymond Young 0-0: Foul Ball, location: 2F
0-1: Called Strike
0-2: Ground out 5-3 (Groundball, 56S)
Batting: LHB Henry Fairchild 0-0: Called Strike
0-1: Foul Ball, location: 2F
0-2: Ball
1-2: Foul Ball, location: 2F
1-2: Strikes out looking
Batting: RHB Melvin O'Keefe 0-0: Foul Ball, location: 2F
0-1: Foul Ball, location: 2F
0-2: Fly out, F8 (Line Drive, 8RD)
Top of the 4th over - 0 runs, 0 hits, 0 errors, 0 left on base; Indianapolis HS 1 - Otsego HS 0
BOTTOM OF THE 4TH
Otsego HS Bulldogs batting - Pitching for Indianapolis HS Rifles : RHP Nicholas Richardson
Batting: RHB Pedro Estrada 0-0: Called Strike
0-1: Swinging Strike
0-2: Strikes out swinging
Batting: RHB Bruce Davis 0-0: Called Strike
0-1: SINGLE (Line Drive, 34)
Batting: RHB Curt Pierson 0-0: SINGLE (Line Drive, 7S)
Bruce Davis to second
Batting: RHB Pancho Herrera 0-0: Hit by Pitch
Bruce Davis to third
Curt Pierson to second
Batting: RHB David Sheehan 0-0: Called Strike
0-1: Ball
1-1: Foul Ball, location: 2F
1-2: Foul Ball, location: 2F
1-2: Foul Ball, location: 2F
1-2: Ball
2-2: Ball
3-2: Fly out, F9 (Flyball, 89S)
Runner from 3rd tags up, SCORES, throw made
Batting: RHB Jack Díaz 0-0: Called Strike
0-1: Swinging Strike
0-2: Ball
1-2: Ball
2-2: Strikes out swinging
Bottom of the 4th over - 1 run, 2 hits, 0 errors, 2 left on base; Indianapolis HS 1 - Otsego HS 1
TOP OF THE 5TH
Indianapolis HS Rifles batting - Pitching for Otsego HS Bulldogs : RHP David Lee
Batting: RHB Dave Bennett 0-0: Ball
1-0: Ball
2-0: Ball
3-0: Base on Balls
Batting: RHB Gregg King 0-0: Called Strike
0-1: Ball
1-1: Foul Ball, location: 2F
1-2: Ball
2-2: Foul Ball, location: 2F
2-2: Grounds into double play, 6-4-3 (Groundball, 6)
Batting: RHB Paul Webster 0-0: Ball
1-0: Ball
2-0: Foul Ball, location: 2F
2-1: Ball
3-1: Called Strike
3-2: Foul Ball, location: 2F
3-2: Base on Balls
Batting: RHB Fook Hann 0-0: Ball
1-0: Ball
2-0: Ball
3-0: Swinging Strike
3-1: SINGLE (Flyball, 8LS)
Paul Webster to second
Runner from 2nd tries for 3rd, SAFE, no throw
Batting: RHB Dale Messer 0-0: Called Strike
0-1: Swinging Strike
0-2: Ball
1-2: Ball
2-2: Fly out, F9 (Flyball, 89S)
Top of the 5th over - 0 runs, 1 hit, 0 errors, 2 left on base; Indianapolis HS 1 - Otsego HS 1
BOTTOM OF THE 5TH
Otsego HS Bulldogs batting - Pitching for Indianapolis HS Rifles : RHP Nicholas Richardson
Batting: RHB Ray Martin 0-0: Ball
1-0: Ball
2-0: Ball
3-0: Called Strike
3-1: SINGLE (Line Drive, 89M)
Pitching: RHP Geoffrey Baker
Batting: SHB Keith Novak 0-0: Ball
1-0: Ball
2-0: SINGLE (Groundball, 4MD)
Ray Martin to second
Batting: RHB Jesse Wood 0-0: Foul Ball, location: 2F
0-1: Ball
1-1: Foul Ball, location: 2F
1-2: Strikes out looking
Batting: RHB Pedro Estrada 0-0: Ball
1-0: Ball
2-0: SINGLE (Flyball, 8RS)
Ray Martin to third
Keith Novak to second
Runner from 3rd tries for Home, SAFE, no throw
Batting: RHB Bruce Davis 0-0: Ball
1-0: Foul Ball, location: 2F
1-1: Called Strike
1-2: Strikes out swinging
Batting: RHB Curt Pierson 0-0: Ball
1-0: Ball
2-0: Ball
3-0: Base on Balls
Keith Novak to third
Pedro Estrada to second
Batting: RHB Pancho Herrera 0-0: Ball
1-0: DOUBLE (Line Drive, 7LM)
Keith Novak scores
Pedro Estrada scores
Curt Pierson to third
Batting: RHB David Sheehan 0-0: Swinging Strike
0-1: Called Strike
0-2: Ball
1-2: Ball
Wild Pitch!
Curt Pierson scores
Pancho Herrera to third
2-2: Foul Ball, location: 2F
2-2: Strikes out swinging
Bottom of the 5th over - 4 runs, 4 hits, 0 errors, 1 left on base; Indianapolis HS 1 - Otsego HS 5
TOP OF THE 6TH
Indianapolis HS Rifles batting - Pitching for Otsego HS Bulldogs : RHP David Lee
Pitching: LHP Harry Janes
Batting: RHB Jason Tomlin 0-0: SINGLE (Line Drive, 89S)
Batting: RHB Raymond Young 0-0: Ball
1-0: Swinging Strike
1-1: Called Strike
1-2: Foul Ball, location: 2F
1-2: Ball
2-2: Foul Ball, location: 2F
2-2: Ball
3-2: SINGLE (Groundball, 56D)
Jason Tomlin to second
Batting: LHB Henry Fairchild 0-0: Ball
1-0: Ball
2-0: Ball
3-0: Base on Balls
Jason Tomlin to third
Raymond Young to second
Batting: RHB Melvin O'Keefe 0-0: Ground out 5-3 (Groundball, 56S)
Jason Tomlin scores
Raymond Young to third
Henry Fairchild to second
Batting: RHB Dave Bennett 0-0: SINGLE (Line Drive, 56D)
Raymond Young scores
Henry Fairchild to third
Batting: RHB Gregg King 0-0: Ball
1-0: Ball
2-0: Called Strike
2-1: Called Strike
2-2: Strikes out looking
Batting: RHB Paul Webster 0-0: Called Strike
0-1: Swinging Strike
0-2: Ground out 6-3 (Groundball, 56D)
Top of the 6th over - 2 runs, 3 hits, 0 errors, 2 left on base; Indianapolis HS 3 - Otsego HS 5
BOTTOM OF THE 6TH
Otsego HS Bulldogs batting - Pitching for Indianapolis HS Rifles : RHP Geoffrey Baker
Pitching: RHP Stephen Lang
Batting: RHB Jack Díaz 0-0: Ball
1-0: Ball
2-0: Called Strike
2-1: Foul Ball, location: 2F
2-2: Foul Ball, location: 2F
2-2: Ball
3-2: Strikes out swinging
Batting: RHB Ray Martin 0-0: Called Strike
0-1: Swinging Strike
0-2: Ball
1-2: Foul Ball, location: 2F
1-2: Fly out, F8 (Flyball, 89M)
Now in CF: Chris Chambers
Batting: SHB Keith Novak 0-0: Called Strike
0-1: Called Strike
0-2: Ball
1-2: Foul Ball, location: 2F
1-2: Fly out, F4 (Line Drive, 4)
Bottom of the 6th over - 0 runs, 0 hits, 0 errors, 0 left on base; Indianapolis HS 3 - Otsego HS 5
TOP OF THE 7TH
Indianapolis HS Rifles batting - Pitching for Otsego HS Bulldogs : LHP Harry Janes
Pitching: RHP Domingo Taylor
Batting: RHB Fook Hann 0-0: Ball
1-0: Ball
2-0: Fly out, F7 (Flyball, 78S)
Batting: RHB Dale Messer 0-0: Ball
1-0: Ball
2-0: Ball
3-0: Called Strike
3-1: SOLO HOME RUN (Flyball, 7LD), Distance : 373 ft
Batting: RHB Jason Tomlin 0-0: Ball
1-0: Ball
2-0: Ball
3-0: Called Strike
3-1: Fly out, F4 (Popup, 23)
Batting: RHB Raymond Young 0-0: Called Strike
0-1: Foul Ball, location: 2F
0-2: Ground out 5-3 (Groundball, 56)
Top of the 7th over - 1 run, 1 hit, 0 errors, 0 left on base; Indianapolis HS 4 - Otsego HS 5
BOTTOM OF THE 7TH
Otsego HS Bulldogs batting - Pitching for Indianapolis HS Rifles : RHP Stephen Lang
Batting: RHB Jesse Wood 0-0: Called Strike
0-1: Ball
1-1: Foul Ball, location: 2F
1-2: Ball
2-2: Foul Ball, location: 2F
2-2: Strikes out looking
Batting: RHB Pedro Estrada 0-0: Called Strike
0-1: Ball
1-1: Ball
2-1: Called Strike
2-2: Ball
3-2: Ground out 5-3 (Groundball, 56S)
Batting: RHB Bruce Davis 0-0: Ball
1-0: Ball
2-0: Ball
3-0: Called Strike
3-1: Base on Balls
Batting: RHB Curt Pierson 0-0: Ball
1-0: Fly out, F7 (Line Drive, 7LM)
Bottom of the 7th over - 0 runs, 0 hits, 0 errors, 1 left on base; Indianapolis HS 4 - Otsego HS 5
TOP OF THE 8TH
Indianapolis HS Rifles batting - Pitching for Otsego HS Bulldogs : RHP Domingo Taylor
Batting: LHB Henry Fairchild 0-0: Foul Ball, location: 2F
0-1: Ball
1-1: Ball
2-1: Ball
3-1: Base on Balls
Pitching: RHP Jesse Wilson
Batting: RHB Melvin O'Keefe 0-0: Called Strike
0-1: Ball
1-1: Ball
2-1: Called Strike
2-2: Strikes out looking
Batting: RHB Dave Bennett 0-0: Called Strike
0-1: Ball
1-1: Ball
2-1: Foul Ball, location: 2F
2-2: SINGLE (Flyball, 9LS)
Henry Fairchild to second
Batting: RHB Gregg King 0-0: Ball
1-0: Foul Ball, location: 2F
1-1: Ball
2-1: Swinging Strike
2-2: Foul Ball, location: 2F
2-2: Foul Ball, location: 2F
2-2: Strikes out swinging
Batting: SHB Chris Chambers 0-0: Called Strike
0-1: Foul Ball, location: 2F
0-2: Foul Ball, location: 2F
0-2: Ball
1-2: Ball
2-2: Foul Ball, location: 2F
2-2: Fielders Choice at 2nd, 6-4 (Groundball, 6MD)
Top of the 8th over - 0 runs, 1 hit, 0 errors, 2 left on base; Indianapolis HS 4 - Otsego HS 5
BOTTOM OF THE 8TH
Otsego HS Bulldogs batting - Pitching for Indianapolis HS Rifles : RHP Stephen Lang
Batting: RHB Pancho Herrera 0-0: Ball
1-0: DOUBLE (Groundball, 5L)
Batting: RHB David Sheehan 0-0: 2-RUN HOME RUN (Line Drive, 7LD), Distance : 360 ft
Pitching: RHP Tim Blair
Batting: RHB Jack Díaz 0-0: Ball
1-0: Ball
2-0: Called Strike
2-1: Ball
3-1: SINGLE (Groundball, 56D)
Batting: RHB Ray Martin 0-0: Ball
1-0: Called Strike
1-1: Foul Ball, location: 2F
1-2: Foul Ball, location: 2F
1-2: Ball
2-2: Foul Ball, location: 2F
2-2: Ball
3-2: Base on Balls
Jack Díaz to second
Batting: SHB Keith Novak 0-0: Ball
1-0: Called Strike
1-1: Called Strike
1-2: Ball
2-2: Ball
3-2: Foul Ball, location: 2F
3-2: Base on Balls
Jack Díaz to third
Ray Martin to second
Batting: RHB Jesse Wood 0-0: Swinging Strike
0-1: Called Strike
0-2: Foul Ball, location: 2F
0-2: Ball
1-2: Strikes out swinging
Batting: RHB Pedro Estrada 0-0: Foul Ball, location: 2F
0-1: Foul Ball, location: 2F
0-2: Fly out, F8 (Flyball, 8RM)
Runner from 3rd tags up, SCORES, throw made
Batting: RHB Bruce Davis 0-0: Ball
1-0: Ball
2-0: Foul Ball, location: 2F
2-1: Foul Ball, location: 2F
2-2: Foul Ball, location: 2F
2-2: SINGLE (Line Drive, 34D)
Ray Martin to third
Keith Novak to second
Runner from 3rd tries for Home, SAFE, throw made home
Batting: RHB Curt Pierson 0-0: Ball
1-0: Ball
2-0: Ball
3-0: Called Strike
3-1: Base on Balls
Keith Novak to third
Bruce Davis to second
Batting: RHB Pancho Herrera 0-0: Called Strike
0-1: Fly out, F9 (Flyball, 9LSF)
Bottom of the 8th over - 4 runs, 4 hits, 0 errors, 3 left on base; Indianapolis HS 4 - Otsego HS 9
TOP OF THE 9TH
Indianapolis HS Rifles batting - Pitching for Otsego HS Bulldogs : RHP Jesse Wilson
Batting: RHB Fook Hann 0-0: Called Strike
0-1: Swinging Strike
0-2: Ball
1-2: Ball
2-2: Strikes out swinging
Batting: RHB Dale Messer 0-0: Ball
1-0: Swinging Strike
1-1: Foul Ball, location: 2F
1-2: Ball
2-2: Strikes out swinging
Batting: RHB Jason Tomlin 0-0: Swinging Strike
0-1: Swinging Strike
0-2: Strikes out swinging
Top of the 9th over - 0 runs, 0 hits, 0 errors, 0 left on base; Indianapolis HS 4 - Otsego HS 9
Saturday, April 7th, 2018 - OOTP Baseball 18.8 Build 76